[Event "World Senior chT-50 2019"]
[Site "Rhodes"]
[Date "2019.04.24"]
[Round "9.35"]
[White "Ungure, Liga"]
[Black "Durante, Aurelio"]
[Result "1-0"]
[ECO "B30"]
[WhiteElo "1930"]
[BlackElo "1955"]
[Annotator "NA"]
[PlyCount "101"]
[EventDate "2019.04.16"]
[EventType "team-tourn"]
[EventCountry "GRE"]
[SourceTitle "playchess.com"]
[Source "ChessBase"]
[SourceQuality "1"]
[WhiteTeam "Latvia"]
[BlackTeam "Uruguay"]
[WhiteTeamCountry "LAT"]
[BlackTeamCountry "URU"]
[TimeControl "40/5400+30:1800+30"]

1. e4 c5 2. Nf3 Nc6 3. Bb5 Na5 4. Nc3 a6 5. Be2 d6 6. d4 cxd4 7. Qxd4 e6 8. Be3 Bd7 9. Qb6 Qxb6 10. Bxb6 Nc6 11. O-O-O Rc8 12. Nd2 Ne5 13. f4 Ng6 14. g3 Rc6 15. Nc4 Nf6 16. Rhe1 Nxe4 17. Nxe4 d5 18. Ned2 dxc4 19. Nxc4 Bb4 20. c3 Bc5 21. Bxc5 Rxc5 22. Nd6+ Ke7 23. Nxf7 Rb8 24. Nd6 Ba4 25. Rd4 Bc6 26. Bg4 Bd5 27. Ne4 Rc4 28. Rxc4 Bxc4 29. b3 Bd5 30. Ng5 Nf8 31. c4 Bc6 32. Nxe6 Nxe6 33. Bxe6 Kf6 34. Bg4 g6 35. Re6+ Kf7 36. Rd6 Ke7 37. Rd4 a5 38. Kd2 Kf6 39. Kc3 Ke7 40. a3 Rf8 41. b4 axb4+ 42. axb4 h5 43. Bh3 Ra8 44. b5 Be8 45. Bg2 Rb8 46. b6 Rc8 47. Kb4 Bc6 48. Bxc6 Rxc6 49. Kb5 Re6 50. Rd5 Rf6 51. Rc5 1-0

[Event "World Senior chT-50 2019"]
[Site "Rhodes"]
[Date "2019.04.24"]
[Round "9.36"]
[White "Barboza, Mauro"]
[Black "Harlinska, Sandra"]
[Result "1-0"]
[ECO "B08"]
[WhiteElo "1873"]
[BlackElo "1833"]
[Annotator "NA RC"]
[PlyCount "151"]
[EventDate "2019.04.16"]
[EventType "team-tourn"]
[EventCountry "GRE"]
[SourceTitle "playchess.com"]
[Source "ChessBase"]
[SourceQuality "1"]
[WhiteTeam "Uruguay"]
[BlackTeam "Latvia"]
[WhiteTeamCountry "URU"]
[BlackTeamCountry "LAT"]
[TimeControl "40/5400+30:1800+30"]

1. e4 g6 2. d4 Bg7 3. Nf3 d6 4. Bc4 Nf6 5. Nc3 c6 6. O-O O-O 7. Bb3 Qc7 8. h3 {[%emt 0:06:02] B08: Pirc Defence: Classical System} (8. e5 dxe5 9. Nxe5 Nbd7 10. Nd3 Nb6 11. Bf4 Qd8 12. Be5 Bf5 13. Nc5 Nbd7 14. Nxd7 Qxd7 15. Qe2 Be6 {1-0 (60) Vallejo Pons,F (2698)-Anton Guijarro,D (2631) Dubai 2014}) 8... Nbd7 9. Be3 b5 10. a3 a6 11. Rb1 $146 ({Predecessor:} 11. Qd2 c5 12. Nd5 Nxd5 13. Bxd5 Bb7 14. Bxb7 Qxb7 {0-1 (31) Gonzalez Perez,J (1376)-Alvarado Arcila,M (2035) Maracay 2018}) 11... Bb7 12. Qc1 c5 13. dxc5 Nxc5 14. Bxc5 Qxc5 15. Re1 e6 16. Qe3 Qxe3 17. Rxe3 Bh6 18. Re2 Rfd8 19. Rd1 Rd7 20. Nh2 Rad8 21. Ng4 Nxg4 22. hxg4 Bc6 23. g3 Bg7 24. Rd3 a5 25. Re1 b4 26. axb4 axb4 27. Nd1 Bb5 28. Rd2 Rc7 29. Kg2 Bc4 30. Bxc4 Rxc4 31. Kf3 Bh6 32. Ne3 Rc5 33. Kg2 d5 34. exd5 exd5 35. f4 Bg7 36. Nd1 Kf8 37. Kf2 d4 38. Re4 Rdc8 39. Ree2 Re8 40. Rxe8+ Kxe8 41. Ke2 h5 42. g5 f6 43. gxf6 Bxf6 44. Kd3 g5 45. Nf2 gxf4 46. Ne4 Rc6 47. gxf4 b3 48. cxb3 Bg7 49. Rh2 Rh6 50. Ng3 Rb6 51. Nxh5 Bf8 52. Kxd4 Rxb3 53. Ke4 (53. Nf6+ $16 Kf7 54. Nd7) 53... Kf7 54. Kf5 Rb5+ 55. Kg4 Be7 56. Rc2 Rb4 57. Rd2 Ke6 58. Re2+ Kf7 $1 59. Rc2 Ke6 60. Ng7+ Kf7 61. Nf5 Bf6 62. Nd6+ Ke6 63. Nc4 Kd5 $16 64. Kf5 (64. Ne3+ $14 Ke4 65. Nd1) 64... Bd4 65. Ne5 Bxb2 66. Nd3 Ba3 67. Nxb4+ Bxb4 68. Kg6 Ke6 69. f5+ Ke7 70. f6+ Ke6 71. Re2+ Kd5 72. f7 Bf8 73. Re8 Ba3 74. f8=Q Bxf8 75. Rxf8 Kd4 76. Kf5 1-0

[Event "World Senior chT-50 2019"]
[Site "Rhodes"]
[Date "2019.04.24"]
[Round "9.37"]
[White "Zimmermann, Rolf"]
[Black "Kristiansen, Erling"]
[Result "1/2-1/2"]
[ECO "A34"]
[WhiteElo "2086"]
[BlackElo "2134"]
[Annotator "NA"]
[PlyCount "37"]
[EventDate "2019.04.16"]
[EventType "team-tourn"]
[EventCountry "GRE"]
[SourceTitle "playchess.com"]
[Source "ChessBase"]
[SourceQuality "1"]
[WhiteTeam "Germany"]
[BlackTeam "Norway"]
[WhiteTeamCountry "GER"]
[BlackTeamCountry "NOR"]
[TimeControl "40/5400+30:1800+30"]

1. c4 Nf6 2. Nc3 c5 3. Nf3 d5 4. cxd5 Nxd5 5. e3 Nc7 6. d4 e6 7. Be2 Nc6 8. O-O cxd4 9. Nxd4 Nxd4 10. Qxd4 Qxd4 11. exd4 Bd6 12. Be3 O-O 13. Rac1 Rd8 14. Rfd1 Nd5 15. Nxd5 exd5 16. Bf3 Be6 17. a3 Rdc8 18. Rxc8+ Rxc8 19. Rc1 1/2-1/2

[Event "World Senior chT-50 2019"]
[Site "Rhodes"]
[Date "2019.04.24"]
[Round "9.38"]
[White "Semakoff, Aleks"]
[Black "Hoehn, Michael"]
[Result "1/2-1/2"]
[ECO "C41"]
[WhiteElo "2037"]
[BlackElo "2040"]
[Annotator "NA"]
[PlyCount "50"]
[EventDate "2019.04.16"]
[EventType "team-tourn"]
[EventCountry "GRE"]
[SourceTitle "playchess.com"]
[Source "ChessBase"]
[SourceQuality "1"]
[WhiteTeam "Norway"]
[BlackTeam "Germany"]
[WhiteTeamCountry "NOR"]
[BlackTeamCountry "GER"]
[TimeControl "40/5400+30:1800+30"]

1. e4 d6 2. d4 e5 3. Nf3 Bg4 4. dxe5 Nc6 5. exd6 Bxd6 6. Bb5 Nf6 7. Nc3 O-O 8. Bxc6 bxc6 9. O-O Re8 10. Bg5 Rb8 11. Rb1 h6 12. Bh4 g5 13. Bg3 Bxg3 14. hxg3 Qxd1 15. Rfxd1 Nxe4 16. Nxe4 Rxe4 17. Rd2 Be6 18. b3 c5 19. Re1 Rxe1+ 20. Nxe1 c4 21. Nf3 cxb3 22. cxb3 Rb6 23. Rc2 Ra6 24. Nd4 Bd5 25. f3 c6 1/2-1/2

[Event "World Senior chT-50 2019"]
[Site "Rhodes"]
[Date "2019.04.24"]
[Round "9.39"]
[White "Wolff, Peter"]
[Black "Johnsen, Sylvia"]
[Result "1-0"]
[ECO "B37"]
[WhiteElo "1893"]
[BlackElo "1949"]
[Annotator "NA"]
[PlyCount "79"]
[EventDate "2019.04.16"]
[EventType "team-tourn"]
[EventCountry "GRE"]
[SourceTitle "playchess.com"]
[Source "ChessBase"]
[SourceQuality "1"]
[WhiteTeam "Germany"]
[BlackTeam "Norway"]
[WhiteTeamCountry "GER"]
[BlackTeamCountry "NOR"]
[TimeControl "40/5400+30:1800+30"]

1. c4 c5 2. Nf3 Nf6 3. d4 cxd4 4. Nxd4 Nc6 5. Nc3 g6 6. e4 d6 7. Be2 Bg7 8. Nc2 O-O 9. O-O Nd7 10. Nd5 Nc5 11. f3 f5 12. exf5 gxf5 13. Rb1 e6 14. Nf4 Be5 15. Qe1 a5 16. Bd2 Bf6 17. Qg3+ Kh8 18. Qh3 Rg8 19. Nh5 Be7 20. Bc3+ e5 21. f4 Ne4 22. Be1 Nf6 23. Kh1 Nxh5 24. Bxh5 e4 25. Ne3 Bf6 26. Nd5 Bd4 27. Bh4 Qf8 28. Rfd1 Bg7 29. Rd2 Ra7 30. Bf2 b6 31. Nxb6 Be6 32. Rbd1 Rc7 33. Rxd6 Bc8 34. Na8 Rd7 35. Rxd7 Bxd7 36. Rxd7 Qxa8 37. Bg6 h6 38. Bxf5 Qe8 39. Qxh6+ Bxh6 40. Rh7# {[%emt 0:01:53] exf3 [%clk 00:04:34]} 1-0

[Event "World Senior chT-50 2019"]
[Site "Rhodes"]
[Date "2019.04.24"]
[Round "9.40"]
[White "Harstad, Christian"]
[Black "Theuer, Carsten"]
[Result "1/2-1/2"]
[ECO "E91"]
[WhiteElo "1911"]
[BlackElo "1868"]
[Annotator "NA"]
[PlyCount "113"]
[EventDate "2019.04.16"]
[EventType "team-tourn"]
[EventCountry "GRE"]
[SourceTitle "playchess.com"]
[Source "ChessBase"]
[SourceQuality "1"]
[WhiteTeam "Norway"]
[BlackTeam "Germany"]
[WhiteTeamCountry "NOR"]
[BlackTeamCountry "GER"]
[TimeControl "40/5400+30:1800+30"]

1. d4 Nf6 2. c4 g6 3. Nc3 Bg7 4. e4 d6 5. Nf3 O-O 6. Be2 Nbd7 7. Bg5 c5 8. d5 Nb6 9. h3 Nfd7 10. Qd2 a6 11. Bh6 Re8 12. h4 Nf6 13. Bxg7 Kxg7 14. h5 gxh5 15. e5 dxe5 16. Qg5+ Kh8 17. Nxe5 Rf8 18. Bxh5 Qe8 19. O-O-O Nbd7 20. f4 Nxe5 21. fxe5 Rg8 22. Qh6 Nxh5 23. Rxh5 Rg7 24. Rdh1 Qg8 25. Ne4 Bg4 26. Ng5 Bxh5 27. Rxh5 Rf8 28. d6 exd6 29. Qf6 dxe5 30. Rxh7+ Qxh7 31. Nxh7 Kxh7 32. Qxe5 b6 33. Qf5+ Rg6 34. g4 Kg7 35. a3 a5 36. Kc2 Rd8 37. Qe5+ Kg8 38. g5 Re6 39. Qf5 Kg7 40. b4 axb4 41. axb4 Rd4 42. Kb3 Re3+ 43. Ka4 Rxc4 44. Qf6+ Kg8 45. Qd8+ Kh7 46. Kb5 Rxb4+ 47. Ka6 Re6 48. Qd3+ Kg7 49. Qf3 Kg6 50. Kb7 b5 51. Qd3+ Kxg5 52. Qd5+ Kf6 53. Qxc5 Rb1 54. Qf2+ Ke7 55. Qh4+ Kf8 56. Qh8+ Ke7 57. Qh4+ 1/2-1/2